 Dungeon Crawl Stone Soup version 0.30.1-4-g462c640d31 (webtiles) character file.

Game seed: 6881810009492390858

65 Zeor the Cudgeller (level 4, -1/29 HPs)
             Began as a Gargoyle Berserker on Aug 22, 2023.
             Was a Believer of Trog.
             Slain by an orc wizard
             ... wielding a +0 dagger
              (5 damage)
             ... on level 2 of the Dungeon.
             The game lasted 00:02:39 (1082 turns).

Zeor the Cudgeller (Gargoyle Berserker)             Turns: 1082, Time: 00:02:39

Health: -1/29      AC:  5    Str: 23    XL:     4   Next: 14%
Magic:  4/4        EV: 12    Int:  7    God:    Trog [**....]
Gold:   70         SH:  0    Dex:  9    Spells: 3/3 levels left

rFire   . . .        a - +0 mace
rCold   . . .        (no shield)
rNeg    + . .        b - +0 animal skin
rPois   ∞            (no helmet)
rElec   +            (no cloak)
rCorr   .            (no gloves)
SInv    .            (no boots)
Will    .....        (no amulet)
Stlth   +            (no ring)
HPRegen 0.24/turn    (no ring)
MPRegen 0.09/turn

%: no passive effects
@: on berserk cooldown, slowed, very slow
A: sickness immunity, AC +3, negative energy resistance 1, electricity
resistance, torment resistance 1, petrification resistance
a: Renounce Religion, Berserk, Trog's Hand


You were on level 2 of the Dungeon.
You worshipped Trog.
Trog was pleased with you.
You visited 1 branch of the dungeon, and saw 2 of its levels.

You collected 70 gold pieces.

Inventory:

Hand Weapons
 a - a +0 mace (weapon)
Armour
 b - a +0 animal skin (worn)


   Skills:
 + Level 3.9 Fighting
 + Level 4.0 Maces & Flails
 + Level 2.3 Armour
 + Level 2.1 Dodging
 + Level 0.2 Stealth


You had 3 spell levels left.
You didn't know any spells.
Your spell library was empty.

Dungeon Overview and Level Annotations

Branches:
Dungeon (2/15)

Altars:


Innate Abilities, Weirdness & Mutations

You are immune to sickness and miasma.
Your stone body is resilient. (AC +3)
You are immune to poison.
You resist negative energy. (rN+)
You are resistant to electric shocks. (rElec)
You are resistant to unholy torment.
You are immune to petrification.


Message History

You hit Jessica.
Jessica is moderately wounded.
Jessica casts a spell at you. Pain shoots through your body!
Jessica closely misses you. Something hits you but does no damage.
Jessica attacks as you move away! Jessica hits you with a +0 club!
* * * LOW HITPOINT WARNING * * *
Jessica casts a spell.
Jessica blinks!
You hear some strange, mumbled words.
Something tries to affect you, but you resist.
It was a potion of berserk rage.
A red film seems to cover your vision as you go berserk!
You feel yourself moving faster!
You feel mighty!
You closely miss Jessica.
Jessica is moderately wounded.
Jessica hits you with a +0 club!
* * * LOW HITPOINT WARNING * * *
You hit Jessica.
Jessica is almost dead.
Jessica closely misses you.
Jessica mumbles something strange.
Jessica closely misses you.
You sock Jessica!
You kill Jessica!
Trog accepts your kill.
Trog appreciates your killing of a magic user.
Your Maces & Flails skill increases to level 4!
You have reached level 4!
You feel stronger.
Items here: $ )))) [[[ ††.
You feel a strong urge to attack something.
Something barely misses you.
You are no longer berserk.
You are exhausted.
You feel yourself slow down.
Items here: $ )))) [[[ ††.
Something hits you but does no damage.
You miss something. Something hits you.
You die...

▒∙▒ ▒▒ ▒∙▒▒ ∙
▒∙▒▒∙∙▒ ▒∙▒▒∙∙▒
▒▒▒▒▒▒▒∙▒▒∙∙▒▒▒▒▒▒▒
∙∙∙∙∙∙∙∙▒∙▒∙▒∙∙∙∙∙▒
∙∙∙∙∙∙∙∙∙▒ ▒∙∙∙∙∙∙▒
▒▒▒▒9▒▒ ▒▒∙∙∙∙∙▒
▒∙∙∙{)▒▒▒∙∙▒∙∙∙▒
▒∙▒▒∙▒∙▒∙▒▒▒∙>∙▒▒▒▒
▒ ▒∙▒▒∙∙▒▒∙∙▒∙∙▒∙▒
▒∙▒▒∙∙∙∙∙▒▒▒∙∙∙▒
∙∙∙▒▒∙▒▒∙∙▒∙∙▒▒▒
▒▒▒ ▒∙▒▒▒∙∙∙▒▒ ∙∙▒
▒▒∙▒▒ ∙∙▒ ▒∙▒▒▒▒▒▒▒


There were no monsters in sight!

Vanquished Creatures
  Jessica (D:2)
  A gnoll (D:1)
  3 orcs (D:2)
  2 ball pythons
  3 bats (D:1)
  An endoplasm (D:1)
  2 hobgoblins (D:1)
  4 jackals (D:1)
  A quokka (D:1)
  2 frilled lizards (D:1)
  2 goblins (D:1)
  6 rats (D:1)
28 creatures vanquished.

Notes
Turn   | Place    | Note
-------+----------+-------------------------------------------
     0 | D:1      | Zeor the Gargoyle Berserker began the quest for the Orb.
     0 | D:1      | Reached XP level 1. HP: 14/14 MP: 1/1
   213 | D:1      | Reached XP level 2. HP: 14/19 MP: 2/2
   447 | D:1      | Reached XP level 3. HP: 13/24 MP: 3/3
   866 | D:1      | Found a faded altar of an unknown god.
  1062 | D:2      | Reached ** piety under Trog
  1065 | D:2      | Noticed Jessica
  1077 | D:2      | Killed Jessica
  1078 | D:2      | Reached skill level 4 in Maces & Flails
  1078 | D:2      | Reached XP level 4. HP: 4/29 MP: 4/4
  1082 | D:2      | Slain by an orc wizard

Illustrated notes

Levels and vault maps discovered:
D:1:      dpeg_arrival_shrine, layout_basic,
          dreamdust_ecumenical_altar_hidden_monk_grotto, serial_forest,
          infiniplex_forest_end_2, infiniplex_forest_clump_medium,
          infiniplex_forest_clump_double, infiniplex_forest_clump_long,
          infiniplex_forest_straight_2, infiniplex_forest_clump_curved,
          infiniplex_forest_end_1, minmay_strange_pillars, fountainhead,
          minmay_indecisive_spiral
D:2:      layout_loops_ring, chequers_serial_rivers_large_b,
          minmay_misc_feat_tiny, uniq_jessica, uniq_sigmund

Skill      XL: |  1  2  3 |
---------------+----------+-----
Dodging        | 2 |  2.1
Maces & Flails | 4 |  4.0
Fighting       | |  3.9
Armour         | |  2.3
Stealth        | |  0.2

Action                     |  1- 3 |  4- 6 || total
---------------------------+-------+-------++-------
  Melee: Mace              |    86 |     1 ||    87
 Invoke: Berserk           |     1 |       ||     1
    Use: Scroll            |     5 |       ||     5
         Potion            |     1 |       ||     1
 Armour: Animal skin       |    33 |     1 ||    34
  Dodge: Dodged            |    65 |     1 ||    66
